 Dungeon Crawl Stone Soup version 0.18.1-50-g88ac8fd (webtiles) character file.

1197 KarmaPolice the Spear-Bearer (level 8, -7/64 HPs)
             Began as a Merfolk Gladiator on Oct 1, 2016.
             Was an Initiate of Qazlal.
             Engulfed by a cloud of freezing vapour (11 damage)
             ... on level 6 of the Dungeon.
             The game lasted 00:16:14 (7649 turns).

KarmaPolice the Spear-Bearer (Merfolk Gladiator)    Turns: 7649, Time: 00:16:15

Health: -7/64      AC:  6    Str: 17    XL:     8   Next: 44%
Magic:  8/8        EV: 15    Int:  7    God:    Qazlal [......]
Gold:   197        SH:  2    Dex: 15    Spells: 0 memorised, 7 levels left

rFire  . . .     SeeInvis .     a - +0 trident
rCold  + . .     Gourm    .     b - +0 leather armour
rNeg   . . .     Faith    .     (no shield)
rPois  .         Spirit   .     c - +0 helmet
rElec  .         Dismiss  .     (no cloak)
rCorr  .         Reflect  +     B - +1 pair of gloves
SustAt .         Harm     .     (no boots)
MR     .....                    n - +2 amulet of reflection
Stlth  +.........               (no ring)
                                j - ring of protection from cold

@: not resistant to hostile enchantments, very unstealthy
A: change form in water, swift swim
a: Renounce Religion


You were on level 6 of the Dungeon.
You worshipped Qazlal.
Qazlal was noncommittal.
You were hungry.

You visited 2 branches of the dungeon, and saw 7 of its levels.
You also visited: Sewer.

You collected 197 gold pieces.

Inventory:

Hand Weapons
 a - a +0 trident (weapon)
Missiles
 d - 3 throwing nets (quivered)
Armour
 b - a +0 leather armour (worn)
 c - a +0 helmet (worn)
 B - a +1 pair of gloves (worn)
Jewellery
 j - a ring of protection from cold (left hand)
 n - a +2 amulet of reflection (around neck)
 A - an uncursed ring of poison resistance {unknown}
Scrolls
 i - 3 scrolls of recharging
 p - a scroll of immolation
 q - a scroll of blinking
 v - a scroll of remove curse
 y - a scroll of teleportation {unknown}
 D - a scroll of enchant armour
Potions
 e - 2 potions of ambrosia
 k - 2 potions of agility
 m - 2 potions of flight
 o - 2 potions of degeneration {unknown}
 r - a potion of cancellation {unknown}
 u - a potion of magic {unknown}
 w - 4 potions of heal wounds {unknown}
 x - 3 potions of brilliance {unknown}
 z - 4 potions of might {unknown}
Books
 C - a book of Party Tricks

   Spells                             Type                      Level
   a - Summon Butterflies             Summoning                    1
   b - Apportation                    Translocation                1
   c - Tukima's Dance                 Hexes                        3
   d - Alistair's Intoxication        Transmutation/Poison         5
   e - Invisibility                   Hexes                        6
Comestibles
 f - 6 bread rations
 g - 2 fruits
 h - 3 meat rations
 t - 5 chunks of flesh


   Skills:
 + Level 6.2 Fighting
 + Level 8.4 Polearms
 - Level 2.0 Throwing
 + Level 3.6 Armour
 - Level 6.6 Dodging


You had 7 spell levels left.
You didn't know any spells.

Dungeon Overview and Level Annotations

Branches:
Dungeon (6/15)             Temple (1/1) D:5

Altars:
Ashenzari
Dithmenos
Elyvilon
Fedhas
Gozag
Kikubaaqudgha
Makhleb
Nemelex Xobeh
Okawaru
Qazlal
Ru
Sif Muna
Trog
Vehumet
Xom
Yredelemnul
Zin
The Shining One

Annotations:
D:3 KarmaPolice's ghost, amateur MfGl


Message History

* * * LOW HITPOINT WARNING * * *
Drink which item? (? for menu, Esc to quit)
You feel better.
You are engulfed in freezing vapours.
You resist.
Read which item? (? for menu, Esc to quit)
Identify which item? (\ to view known items) (? for menu, Esc to quit)
As you read the scroll of identify, it crumbles to dust.
k - 2 potions of agility You are engulfed in freezing vapours.
You resist.
* * * LOW HITPOINT WARNING * * *
You are engulfed in freezing vapours.
You resist.
* * * LOW HITPOINT WARNING * * *
Really walk into that cloud of freezing vapour?
Okay, then.
Unknown command.
Stopped running for exclusion.
Found a stone staircase leading down.
You are engulfed in freezing vapours.
You resist.
* * * LOW HITPOINT WARNING * * *
You are engulfed in freezing vapours.
You resist.
You die...

####....>. .......#.## .#
##..#.......... ... .....
.......# .#.####..#####.....#
...................######
.#.######################
.#.#$!!!§§§§§§§§@§§§§§§##
.#.###################§##
.#.#..§§§§§§§§§§§§§§§§§##
.#.#8'8##################
.#.#..#################.#
.....................[..#####
.#.################..÷......#
.#.# #.. ..#.###.###.# .#.#
#.# #.#.#.......#


There were no monsters in sight!

Vanquished Creatures
  Eustachio (D:4)
  A centaur (D:5)
  2 big kobolds (Sewer)
  A giant frog (D:6)
  3 scorpions
  A crimson imp (D:3)
  A howler monkey (D:5)
  A giant frog zombie (D:5)
  A hound (D:4)
  3 orc priests
  3 orc wizards
  2 iguanas
  A worker ant (D:5)
  10 adders
  A gnoll (D:1)
  2 oozes
  An adder skeleton (D:4)
  2 worms
  2 dart slugs (D:2)
  5 giant geckos
  23 orcs
  10 bats
  4 giant cockroaches
  8 goblins
  5 hobgoblins
  4 jackals (D:1)
  18 kobolds
  3 quokkas
  4 ball pythons
  A giant gecko skeleton (D:4)
  7 giant newts
  A quokka skeleton (D:5)
  9 rats
141 creatures vanquished.

Notes
Turn   | Place    | Note
--------------------------------------------------------------
     0 | D:1      | KarmaPolice the Merfolk Gladiator began the quest for the Orb.
     0 | D:1      | Reached XP level 1. HP: 16/16 MP: 1/1
    32 | D:1      | Reached XP level 2. HP: 14/22 MP: 2/2
    95 | D:1      | Reached skill level 1 in Armour
   249 | D:1      | Reached XP level 3. HP: 28/28 MP: 3/3
   314 | D:1      | Reached skill level 5 in Polearms
   914 | D:2      | Reached XP level 4. HP: 34/34 MP: 4/4
  1620 | D:3      | Found a deep blue altar of Sif Muna.
  1880 | D:3      | Reached XP level 5. HP: 41/41 MP: 5/5
  1964 | D:3      | Found a blossoming altar of Fedhas.
  1969 | D:3      | Found an opulent altar of Gozag.
  1988 | D:3      | Reached skill level 5 in Dodging
  2274 | D:3      | Found a faded altar to an unknown god.
  2370 | D:3      | Reached skill level 6 in Polearms
  2410 | D:3      | Found a sparkling altar of Nemelex Xobeh.
  2524 | D:3      | Noticed KarmaPolice's ghost (amateur MfGl)
  3121 | D:4      | Found a white marble altar of Elyvilon.
  3121 | D:4      | Found a bloodstained altar of Trog.
  3121 | D:4      | Found a radiant altar of Vehumet.
  3121 | D:4      | Found a basalt altar of Yredelemnul.
  3121 | D:4      | Found a sparkling altar of Nemelex Xobeh.
  3121 | D:4      | Found a burning altar of Makhleb.
  3121 | D:4      | Found a shattered altar of Ashenzari.
  3121 | D:4      | Found a glowing silver altar of Zin.
  3144 | D:4      | Reached XP level 6. HP: 43/48 MP: 6/6
  3329 | D:4      | Found a glowing drain.
  3388 | Sewer    | Entered a sewer
  4000 | Sewer    | Reached XP level 7. HP: 42/55 MP: 7/7
  4477 | D:4      | Noticed Eustachio
  4851 | D:4      | Reached skill level 7 in Polearms
  5385 | D:4      | Found an ancient bone altar of Kikubaaqudgha.
  5387 | D:4      | Found a shimmering altar of Xom.
  5468 | D:4      | Reached skill level 5 in Fighting
  6183 | D:4      | Killed Eustachio
  6404 | D:5      | Entered Level 5 of the Dungeon
  6440 | D:5      | Found a staircase to the Ecumenical Temple.
  6451 | D:5      | Reached XP level 8. HP: 58/63 MP: 8/8
  6470 | Temple   | Entered the Ecumenical Temple
  6512 | Temple   | Became a worshipper of Qazlal Stormbringer
  6821 | D:5      | Reached skill level 8 in Polearms
  7217 | D:5      | Found a shadowy altar of Dithmenos.
  7649 | D:6      | Engulfed by a cloud of freezing vapour

Skill      XL: |  1  2  3  4  5  6  7  8 |
---------------+-------------------------+-----
Armour         | 1 2 3 |  3.6
Polearms       | 5 6 7 8 |  8.4
Fighting       | 3 4 5 6 |  6.2
Dodging        | 5 6 |  6.6
Throwing       | |  2.0

Action                   |  1- 3 |  4- 6 |  7- 9 || total
-------------------------+-------+-------+-------++-------
Melee: Trident           |    88 |   274 |   245 ||   607
       Tailslap          |       |     4 |       ||     4
  Use: Potion            |       |     3 |     2 ||     5
       Scroll            |       |       |     7 ||     7
 Stab: Sleeping          |     3 |       |     2 ||     5
  Eat: Chunk             |       |     9 |     9 ||    18
       Fruit             |       |     1 |     1 ||     2
       Beef jerky        |       |       |     1 ||     1
Armor: Leather armour    |    31 |    39 |    55 ||   125
Dodge: Dodged            |    49 |   178 |   192 ||   419
Block: Other             |       |       |    11 ||    11
       Reflection        |       |       |     1 ||     1
